 Dungeon Crawl Stone Soup version 0.20-a0-1122-gb7cbeb9 (webtiles) character file.

4 Gorglomux the Firebug (level 1, -2/14 HPs)
             Began as a Draconian Fire Elementalist on May 13, 2017.
             Slain by a hobgoblin
             ... wielding a +0 club
              (3 damage)
             ... on level 1 of the Dungeon.
             The game lasted 00:00:48 (87 turns).

Gorglomux the Firebug (Draconian Fire Elementalist)   Turns: 87, Time: 00:00:48

Health: -2/14      AC:  4    Str: 10    XL:     1   Next: 58%
Magic:  0/3        EV: 12    Int: 15    God:
Gold:   0          SH:  0    Dex: 11    Spells: 3/4 levels left

rFire    . . .     SeeInvis .   d - +0 hand axe
rCold    . . .     Gourm    .   (no shield)
rNeg     . . .     Faith    .   (armour unavailable)
rPois    .         Spirit   .   (helmet restricted)
rElec    .         Reflect  .   (no cloak)
rCorr    .         Harm     .   (no gloves)
MR       .....                  (no boots)
Stlth    ++........             (no amulet)
Regen    0.1/turn               (no ring)
MPRegen  0.1/turn               (no ring)

@: no status effects
A: unfitting armour, cold-blooded, AC +4
a: no special abilities


You were on level 1 of the Dungeon.
You were not hungry.

You visited 1 branch of the dungeon, and saw 1 of its levels.

Inventory:

Hand Weapons
 c - a +0 short sword
   (You took it off a kobold on level 1 of the Dungeon)
 d - a +0 hand axe (weapon)
   (You found it on level 1 of the Dungeon)
Books
 a - a book of Flames
Comestibles
 b - a bread ration {@e1@e1}


   Skills:
 - Level 1.7 Dodging
 - Level 1.7 Stealth
 + Level 2.0 Spellcasting
 + Level 1.6 Conjurations
 + Level 3.0 Fire Magic


You had 3 spell levels left.
You knew the following spells:

 Your Spells              Type           Power        Failure   Level  Hunger
a - Flame Tongue          Conj/Fire      #....        9%          1    #......


Dungeon Overview and Level Annotations

Branches:
Dungeon (1/15)

Altars:


Innate Abilities, Weirdness & Mutations

Your plain brown scales are hard. (AC +4)
You cannot fit into any form of body armour.
You are cold-blooded and may be slowed by cold attacks.


Message History

Really attack barehanded?
Okay, then.
A bat is nearby!
Really attack barehanded?
Okay, then.
You can't see any susceptible monsters within range! (Use Z to cast anyway.)
A bat is nearby!
Really attack barehanded? [Y]es or [N]o only, please.
Really attack barehanded?
Okay, then.
Wield which item (- for none, * to show all)? (? for menu, Esc to quit)
d - a +0 hand axe (weapon)
There is an open door here.
Unknown command.
The bat hits you but does no damage. The bat barely misses you.
Found 8 gold pieces.
Found a stone staircase leading down.
Aim: a bat The flame tongue hits the bat.
You kill the bat!
You now have 2/3 mp.
No target in view!
You can't see any susceptible monsters within range! (Use Z to cast anyway.) Unknown command.
Unknown command.
A hobgoblin comes into view.
Unknown command.
You can't see any susceptible monsters within range! (Use Z to cast anyway.)
A hobgoblin is nearby!
Unknown command.
A hobgoblin is nearby!
The hobgoblin shouts!
You hear a shout!
Aim: a hobgoblin The flame tongue hits the hobgoblin.
The hobgoblin appears unharmed.
A rat comes into view.
There are monsters nearby!
Aim: a hobgoblin You miscast Flame Tongue.
You are very lightly contaminated with residual magic.
Your skin glows momentarily.
The hobgoblin barely misses you. The rat bites you but does no damage.
You closely miss the hobgoblin. You barely miss the rat.
The hobgoblin closely misses you. The rat bites you.
The hobgoblin closely misses you.
A hobgoblin comes into view. It is wielding a club.
You take 2 damage, and have 12/14 hp.
You now have 0/3 mp.
There are monsters nearby!
You don't have enough magic to cast that spell.
You barely miss the hobgoblin. You closely miss the rat. The rat bites you.
The hobgoblin hits you. The rat bites you.
You take 5 damage, and have 7/14 hp.
MASSIVE DAMAGE!!
There is an open door here.
You see here 18 arrows.
The hobgoblin hits you.
You take 2 damage, and have 6/14 hp.
Aim: a hobgoblin The flame tongue hits the hobgoblin.
The hobgoblin appears unharmed.
The hobgoblin closely misses you.
You now have 0/3 mp.
You hit the hobgoblin but do no damage. The hobgoblin hits you.
You take 1 damage, and have 5/14 hp.
You hit the hobgoblin. The hobgoblin barely misses you.
The rat closely misses you. The hobgoblin barely misses you.
The hobgoblin hits you but does no damage.
You hit the rat but do no damage. You hit the hobgoblin.
You barely miss the hobgoblin. The rat bites you.
* * * LOW HITPOINT WARNING * * *
The hobgoblin hits you but does no damage.
The hobgoblin barely misses you. The rat closely misses you.
Your magical contamination has completely faded away.
You take 1 damage, and have 4/14 hp.
Unknown command.
You hit the rat.
You kill the rat!
You hit the hobgoblin but do no damage. You barely miss the hobgoblin.
The hobgoblin hits you but does no damage.
The hobgoblin closely misses you.
You barely miss the hobgoblin. x2; The hobgoblin closely misses you.
The hobgoblin barely misses you. The hobgoblin hits you.
* * * LOW HITPOINT WARNING * * *
You take 3 damage, and have 1/14 hp.
MASSIVE DAMAGE!!
You don't know that spell.
Aim: a hobgoblin (heavily wounded)
The flame tongue hits the hobgoblin.
You kill the hobgoblin!
The hobgoblin closely misses you.
You now have 0/3 mp.
Aim: a hobgoblin, wielding a club (heavily wounded)
The flame tongue misses the hobgoblin.
The hobgoblin barely misses you.
You now have 0/3 mp.
Aim: a hobgoblin, wielding a club (heavily wounded)
The flame tongue hits the hobgoblin.
The hobgoblin closely misses you.
You now have 0/3 mp.
You closely miss the hobgoblin. The hobgoblin hits you with a club.
* * * LOW HITPOINT WARNING * * *
You take 1 damage, and have 1/14 hp.
You barely miss the hobgoblin. The hobgoblin hits you with a club.
You die...

#.# #.# #.#
###########.#####
................##
##..###.....(....#
##.# #..........#
#.###..........##
#..##........g@.####
##.######.#####.##.###
#..# #.# #.#♣.≈P#
##.## #.# #.'.<≈P#
##†.####.# ###♣.≈P#
#.....##.# #.###
#.....##.# ###
#...(.##.# ####'###.#


You could see a hobgoblin.

Vanquished Creatures
  A bat (D:1)
  A hobgoblin (D:1)
  A kobold (D:1)
  A rat (D:1)
4 creatures vanquished.

Notes
Turn   | Place    | Note
-------+----------+-------------------------------------------
     0 | D:1      | Gorglomux the Draconian Fire Elementalist began the quest for the Orb.
     0 | D:1      | Reached XP level 1. HP: 14/14 MP: 3/3
    63 | D:1      | HP: 1/14 [hobgoblin (3)]
    86 | D:1      | HP: 1/14 [hobgoblin/club (1)]
    87 | D:1      | Slain by a hobgoblin

Vault maps used:
D:1:      tarquinn_simple_flora_water_e

Action                   || total
-------------------------++-------
Melee: Hand axe          ||     9
 Cast: Flame Tongue      ||     7
Armor: Skin              ||     5
Dodge: Dodged            ||    16

Vault maps used:
D:1:      tarquinn_simple_flora_water_e

Table legend:
 A = Turns spent in this place as a percentage of turns spent in the entire game.
 B = Non-inter-level travel turns spent in this place as a percentage of non-inter-level travel turns spent in the entire game.
 C = Inter-level travel turns spent in this place as a percentage of turns spent in this place.
 D = Turns resting spent in this place as a percentage of non-inter-level travel turns spent in this place.
 E = Turns spent auto-exploring this place as a percentage of non-inter-level travel turns spent in this place.
 F = Non-inter-level travel turns spent in this place divided by the number of levels of this place that you've seen.
                   A       B       C       D       E      F
               +-------+-------+-------+-------+-------+----------------------
         Total | 100.0 | 100.0 |   0.0 |   0.0 |   4.6 | 109.0
       Dungeon | 100.0 | 100.0 |   0.0 |   0.0 |   4.6 | 109.0
               +-------+-------+-------+-------+-------+----------------------

Table legend:
 A = Kills in this place as a percentage of kills in entire the game.
 B = Kills by you in this place as a percentage of kills by you in the entire game.
 C = Kills by friends in this place as a percentage of kills by friends in the entire game.
 D = Other kills in this place as a percentage of other kills in the entire game.
 E = Experience gained in this place as a percentage of experience gained in the entire game.
 F = Experience gained in this place divided by the number of levels of this place that you have seen.
                   A       B       C       D       E      F
               +-------+-------+-------+-------+-------+----------------------
         Total | 100.0 | 100.0 |  -nan |  -nan | 100.0 |   7.0
       Dungeon | 100.0 | 100.0 |  -nan |  -nan | 100.0 |   7.0
               +-------+-------+-------+-------+-------+----------------------
